AoeStats
← Joaking

Nomad

503752301Analyzed
4v4 RM · 1mo ago on Sep 2, 2026· 48m 53s· 8 players
Game mode
Random Map
Map size
231×231
Population
200
Speed
Normal
Resources
Standard
Victory
Conquest
Starting age
Dark Age
Ending age
Imperial Age
RankedLock teamsTeams togetherTeam positionsShared explorationLock speedFull tech treeHidden civsTurbo modeCheats
Victory
Defeat
🇨🇱 Britons · Chile
1007
+15
🇺🇸 Byzantines · United States
995
+16
🇹🇼 Goths · Taiwan
983
+16
🇲🇽 Georgians · Mexico
971
+17
🇨🇦 Franks · Canada
1073
-20
🇺🇸 Huns · United States
1051
-19
🇦🇷 Burmese · Argentina
937
-14
🇨🇱 Japanese · Chile
888
-11
Spicy Meatball
11:23 Loom
15:22 Feudal Age
15:54 Fishing Lines
22:05 Castle Age
24:18 Gillnets
27:32 Demolition Ship
28:26 Medium Warships
36:23 Imperial Age
35:58 Wheelbarrow
35:16 Gold Mining
35:17 Stone Mining
36:41 Husbandry
36:51 Scale Barding Armor
36:57 Forging
36:45 Horse Collar
37:20 Heavy Camel Rider
39:36 Chain Barding Armor
39:21 Heavy Plow
39:16 Double-Bit Axe
40:02 Fletching
42:28 Plate Barding Armor
42:29 Iron Casting
45:36 Conscription
45:53 Bodkin Arrow
Maverick
4:44 Loom
17:09 Feudal Age
21:19 Castle Age
19:09 Double-Bit Axe
22:41 Wheelbarrow
22:18 Bow Saw
21:50 Horse Collar
24:24 Hand Cart
24:39 Heavy Plow
31:01 Heresy
31:47 Bloodlines
36:59 Imperial Age
35:21 Forging
36:07 Scale Barding Armor
38:09 Iron Casting
37:55 Chain Barding Armor
38:04 Conscription
37:53 Town Watch
39:02 Town Patrol
40:31 Blast Furnace
40:46 Plate Barding Armor
40:01 Gold Mining
41:22 Aznauri Cavalry
43:41 Hoardings
43:42 Plate Barding Armor
44:52 Elite Monaspa
46:41 Fletching
47:24 Crop Rotation
48:22 Heresy
47:58 Bodkin Arrow
48:06 Stone Mining
48:37 Svan Towers
49:07 Bracer
嘿嘿嘿
3:13 Loom
14:37 Feudal Age
14:42 Man-at-Arms
15:52 Horse Collar
16:20 Double-Bit Axe
23:42 Castle Age
22:05 Scale Mail Armor
22:16 Forging
21:56 Fletching
22:28 Stone Mining
24:13 Long Swordsman
27:09 Gold Mining
31:36 Wheelbarrow
31:35 Forging
36:57 Town Watch
Joaking
4:58 Loom
15:13 Feudal Age
22:15 Castle Age
21:17 Fletching
34:01 Imperial Age
32:41 Padded Archer Armor
34:32 Ballistics
35:49 Chemistry
35:15 Elite Longbowman
36:39 Bodkin Arrow
38:00 Yeomen
38:21 Bracer
39:51 Double-Bit Axe
40:52 Leather Archer Armor
41:15 Wheelbarrow
40:25 Town Watch
40:22 Horse Collar
42:34 Conscription
44:40 Fortified Wall
Hungarian mafia
5:24 Loom
17:39 Feudal Age
19:35 Wheelbarrow
18:48 Fishing Lines
19:36 Town Watch
22:02 Fletching
35:05 Castle Age
35:02 Horse Collar
35:14 Gold Mining
35:17 Stone Mining
36:24 Bodkin Arrow
38:07 Hand Cart
37:56 Town Patrol
38:13 Hand Cart
39:41 Double-Bit Axe
40:34 Gold Shaft Mining
39:53 Gillnets
40:48 Hand Cart
40:34 Town Patrol
Chen
8:32 Loom
16:31 Feudal Age
23:37 Castle Age
25:19 Double-Bit Axe
32:47 Scale Barding Armor
34:12 Gold Mining
34:17 Stone Mining
36:00 Husbandry
39:11 Forging
41:49 Imperial Age
40:30 Chain Barding Armor
41:48 Iron Casting
43:21 Gold Shaft Mining
43:22 Plate Barding Armor
43:37 Cavalier
Traceurflipxd
7:50 Loom
19:05 Feudal Age
22:15 Double-Bit Axe
24:27 Horse Collar
26:30 Forging
26:26 Scale Barding Armor
28:58 Castle Age
27:58 Man-at-Arms
29:30 Bloodlines
29:46 Light Cavalry
31:48 Fishing Lines
33:15 Medium Warships
33:44 Pikeman
41:21 Heavy Plow
43:48 Fletching
49:06 Bodkin Arrow
SepeLio_O
3:09 Loom
13:37 Feudal Age
13:57 Man-at-Arms
17:03 Scale Mail Armor
21:39 Fletching
28:49 Castle Age
28:41 Forging
33:50 Scale Barding Armor
34:16 Bloodlines
36:12 Iron Casting
35:53 Bodkin Arrow
38:01 Pikeman
41:23 Chain Mail Armor
42:07 Squires
47:11 Imperial Age
Connection lost

Rejoining the realm…

Still unreachable

The connection could not be restored.

Session expired

The server has moved on; the page needs a fresh start.